 Dungeon Crawl Stone Soup version 0.29.1-12-g30fa7ad0bf (webtiles) character file.

Game seed: 11123745301285174594

4103 bubby the Covert (level 10, 0/68 HPs)
             Began as an Octopode Fire Elementalist on Jan 13, 2023.
             Slain by a killer bee (3 damage)
             ... on level 7 of the Dungeon on Jan 14, 2023.
             The game lasted 00:25:41 (7616 turns).

bubby the Covert (Octopode Fire Elementalist)       Turns: 7616, Time: 00:25:41

Health: 0/68       AC:  1    Str:  7    XL:     10   Next: 26%
Magic:  2/18       EV: 15    Int: 22    God:
Gold:   376        SH:  0    Dex: 13    Spells: 13/20 levels left

rFire   . . .      SeeInvis .   v - +0 mace (protect)
rCold   . . .      Faith    .   (no shield)
rNeg    . . .      Spirit   .   (helmet restricted)
rPois   .          Reflect  .   h - amulet of regeneration
rElec   .          Harm     .   (no ring)
rCorr   .          Rampage  .   (no ring)
Will    .....                   (no ring)
Stlth   +++++.....              (no ring)
HPRegen 1.01/turn               (no ring)
MPRegen 0.16/turn               (no ring)
                                (no ring)
                                (no ring)

@: studying Long Blades
A: almost no armour, amphibious, 8 rings, camouflage 1, gelatinous body 1,
(nimble swimmer 1), tentacles
a: no special abilities


You were on level 7 of the Dungeon.
You visited 1 branch of the dungeon, and saw 8 of its levels.

You collected 376 gold pieces.

Inventory:

Hand Weapons
 e - a +0 whip
 g - a +0 dagger
 u - a +1 dagger of venom
 v - a +0 mace of protection (weapon)
Missiles
 y - a throwing net
Jewellery
 h - an amulet of regeneration (around mantle)
 x - an amulet of faith
Wands
 j - a wand of digging (6)
 s - a wand of flame (32)
Scrolls
 b - 4 scrolls of poison
 k - 3 scrolls of teleportation
 m - a scroll of amnesia
 o - 2 scrolls of enchant weapon
 r - a scroll of vulnerability
 A - a scroll of acquirement {unknown}
Potions
 a - 2 potions of magic
 c - 3 potions of mutation {unknown}
 d - a potion of brilliance
 f - 5 potions of curing
 i - a potion of flight {unknown}
 l - 3 potions of attraction {unknown}
 n - a potion of lignification {unknown}
 p - a potion of invisibility {unknown}
 q - a potion of heal wounds {unknown}
 t - a potion of degeneration {unknown}
 w - a potion of haste {unknown}
 z - a potion of might {unknown}


   Skills:
 + Level 5.6 Fighting
 + Level 6.3 Dodging
 + Level 9.0 Stealth
 + Level 5.7 Spellcasting
 + Level 6.0 Conjurations
 + Level 6.6 Fire Magic


You had 13 spell levels left.
You knew the following spells:

 Your Spells              Type           Power      Damage    Failure   Level
a - Foxfire               Conj/Fire      100%       2x1d9     1%          1
b - Scorch                Fire           70%        2d8       1%          2
c - Flame Wave            Conj/Fire      34%        2d10      7%          4

Your spell library contained the following spells:

 Spells                   Type           Power      Damage    Failure   Level
 Conjure Flame            Conj/Fire      34%        6-21      1%          3
 Inner Flame              Hex/Fire       20%        N/A       7%          3
 Summon Small Mammal      Summ           24%        N/A       10%         1
 Ensorcelled Hibernation  Hex/Ice        12%        N/A       14%         2
 Passwall                 Tmut/Erth      5%         N/A       14%         2
 Call Canine Familiar     Summ           6%         N/A       28%         3
 Portal Projectile        Hex/Tloc       12%        N/A       28%         3
 Summon Guardian Golem    Hex/Summ       6%         N/A       28%         3
 Swiftness                Air            6%         N/A       28%         3
 Cause Fear               Hex            3%         N/A       67%         4
 Leda's Liquefaction      Hex/Erth       3%         N/A       67%         4
 Discord                  Hex            3%         N/A       100%        8


Dungeon Overview and Level Annotations

Branches:
Dungeon (8/15)             Temple (0/1) D:7
   Lair: D:8-11

Altars:
Ashenzari
Cheibriados
Elyvilon
Gozag
Hepliaklqana
Kikubaaqudgha
Makhleb
Okawaru
Uskayaw
Yredelemnul

Shops:
D:1 !   D:3 (   D:4 **   D:7 :

Annotations:
D:3 3 runed translucent doors, ctx's ghost, amateur GnEE


Innate Abilities, Weirdness & Mutations

You cannot wear most types of armour.
You are amphibious.
You can wear up to eight rings at the same time.
Your skin changes colour to match your surroundings (Stealth+).
Your rubbery body absorbs attacks. (AC +1, EV +1)
((You are camouflaged when in or above water. (Stealth+)))
You have tentacles for arms and can constrict up to eight enemies at once.


Message History

The killer bee poisons you!
The killer bee stings you but does no damage.
The killer bee closely misses you.
The killer bee attacks as you move away!
The killer bee closely misses you.
The killer bee attacks as you move away!
The killer bee stings you!
You feel very sick. The killer bee misses you.
The killer bee barely misses you. The killer bee stings you!
The killer bee attacks as you move away!
The killer bee misses you.
You feel very sick. The killer bee misses you. x2
The killer bee attacks as you move away!
The killer bee closely misses you.
The killer bee attacks as you move away!
The killer bee misses you.
The killer bee attacks as you move away!
The killer bee stings you.
You feel sick. The killer bee closely misses you.
The killer bee barely misses you. The killer bee closely misses you. x2
There is a stone staircase leading up here.
You feel sick. The killer bee stings you.
* * * LOW HITPOINT WARNING * * *
The killer bee stings you!
* * * LOW HITPOINT WARNING * * *
The killer bee stings you.
* * * LOW HITPOINT WARNING * * *
The killer bee closely misses you. The killer bee stings you.
* * * LOW HITPOINT WARNING * * *
The killer bee stings you!
* * * LOW HITPOINT WARNING * * *
You climb upwards.
You feel sick.
There is a stone staircase leading down here.
It was a potion of curing.
You feel better. The killer bee stings you!
* * * LOW HITPOINT WARNING * * *
The killer bee stings you.
* * * LOW HITPOINT WARNING * * *
The killer bee stings you.
You die...

.#........#.# ##.###.#..# #.#
#.#.......#.###...##.#..# #.####
.#..#.###>#.............####.#...
#..)#.# #..................#.....
....#.# ##.#####.###.#####.###...
##....# #.# #.# #.....#.# ##.#
###### #.# #y# #####.#.# #.# #.#
#y# #.#.# #.# #.# #@# #.#.# #.#
#.# #y##### #.#.# #.# #.#
##y#...###.#.# #.# #.#
#............####.# #### #.#
#.##..............# ...# #.#
#.########.######## .###########
#.# #.# .####.#^# #.# #.#
..##^...# #.# #.#


You could see 4 killer bees.

Vanquished Creatures
  Joseph (D:7)
  Maggie (D:7)
  Grinder (D:6)
  Prince Ribbit (D:7)
  2 wyverns
  A sky beast (D:7)
  An orc warrior (D:7)
  3 black bears
  An ice beast (D:5)
  A centaur (D:6)
  An ogre (D:5)
  2 phantoms
  2 bullfrogs
  4 scorpions
  2 gnoll sergeants
  4 necrophages
  8 wights
  2 howler monkeys
  2 hounds
  A jelly (D:7)
  2 orc priests
  A gnoll bouda (D:7)
  3 iguanas
  Natasha (thrice) (D:4)
  An orc wizard (D:6)
  6 adders
  17 gnolls
  A white imp (D:5)
  An ufetubus (D:7)
  A worm (D:3)
  4 dart slugs
  14 orcs
  6 ball pythons
  6 bats
  A bat zombie (D:4)
  8 endoplasms
  4 giant cockroaches
  8 hobgoblins
  3 jackals (D:4)
  9 kobolds
  8 quokkas
  3 frilled lizards
  14 goblins
  4 rats
  2 rat zombies (D:4)
  A spectral orc (D:7)
172 creatures vanquished.

Vanquished Creatures (others)
  501 foxfires
501 creatures vanquished.

Grand Total: 673 creatures vanquished

Notes
Turn   | Place    | Note
-------+----------+-------------------------------------------
     0 | D:1      | bubby the Octopode Fire Elementalist began the quest for
                  | the Orb.
     0 | D:1      | Reached XP level 1. HP: 11/11 MP: 3/3
    47 | D:1      | Found Raserry's Distillery.
    62 | D:1      | Reached XP level 2. HP: 15/17 MP: 0/5
   243 | D:1      | Reached skill level 3 in Stealth
   601 | D:1      | Reached XP level 3. HP: 22/22 MP: 2/6
  1902 | D:2      | Reached XP level 4. HP: 27/27 MP: 7/7
  1946 | D:2      | Reached skill level 1 in Fighting
  1975 | D:2      | Learned a level 2 spell: Scorch
  2657 | D:3      | Found Satotwoh's Weapon Shoppe.
  2909 | D:3      | Found a runed translucent gate.
  2912 | D:3      | Found a runed translucent gate.
  2912 | D:3      | Found a runed translucent gate.
  2923 | D:3      | Noticed ctx's ghost (amateur GnEE)
  2973 | D:3      | Noticed a phantom
  3033 | D:3      | Killed a phantom
  3034 | D:3      | Reached skill level 4 in Stealth
  3034 | D:3      | Reached XP level 5. HP: 12/33 MP: 1/9
  3151 | D:3      | Reached XP level 6. HP: 39/39 MP: 0/10
  3641 | D:4      | Found Raydd's Specific Store.
  3643 | D:4      | Found Ocwoucs's General Store.
  3740 | D:4      | Found a white marble altar of Elyvilon.
  3741 | D:4      | Found a hazy altar of Hepliaklqana.
  4120 | D:4      | Reached XP level 7. HP: 45/45 MP: 1/11
  4231 | D:4      | Noticed Natasha
  4240 | D:4      | Killed Natasha
  4241 | D:4      | Reached skill level 5 in Stealth
  4283 | D:4      | Found an ancient bone altar of Kikubaaqudgha.
  4547 | D:4      | Noticed Natasha
  4553 | D:4      | Killed Natasha
  4651 | D:4      | Noticed Natasha
  4657 | D:4      | Killed Natasha
  4705 | D:5      | Entered Level 5 of the Dungeon
  4750 | D:5      | Found a burning altar of Makhleb.
  4781 | D:5      | Found a broken altar of Ashenzari.
  4783 | D:5      | Found an opulent altar of Gozag.
  4785 | D:5      | Found a hide-covered altar of Uskayaw.
  4785 | D:5      | Found an iron altar of Okawaru.
  5239 | D:5      | Reached XP level 8. HP: 52/52 MP: 5/13
  5622 | D:6      | Reached skill level 6 in Stealth
  5830 | D:6      | Noticed Grinder
  6082 | D:6      | Learned a level 4 spell: Flame Wave
  6087 | D:6      | Reached skill level 5 in Fire Magic
  6112 | D:6      | Paralysed by Grinder for 3 turns
  6115 | D:6      | Killed Grinder
  6116 | D:6      | Reached skill level 7 in Stealth
  6121 | D:6      | Reached XP level 9. HP: 31/58 MP: 1/15
  6125 | D:6      | Reached skill level 5 in Dodging
  6432 | D:7      | Found a snail-covered altar of Cheibriados.
  6514 | D:7      | Noticed Joseph
  6524 | D:7      | Killed Joseph
  6539 | D:7      | Found Edadal's Book Boutique.
  6570 | D:7      | Reached skill level 5 in Spellcasting
  6601 | D:7      | Reached skill level 5 in Conjurations
  6663 | D:7      | Found a basalt altar of Yredelemnul.
  6686 | D:7      | Noticed Maggie
  6754 | D:7      | Noticed Prince Ribbit
  6758 | D:7      | Killed Prince Ribbit
  6759 | D:7      | Reached skill level 5 in Fighting
  6759 | D:7      | Reached skill level 8 in Stealth
  7106 | D:7      | Found a staircase to the Ecumenical Temple.
  7149 | D:7      | HP: 2/61 [Maggie/+2 vorpal war axe (2)]
  7150 | D:7      | Killed Maggie
  7151 | D:7      | Reached XP level 10. HP: 3/66 MP: 13/18
  7601 | D:8      | Reached skill level 9 in Stealth
  7614 | D:8      | HP: 2/68 [killer bee (7)]
  7616 | D:7      | Slain by a killer bee

Illustrated notes

Levels and vault maps discovered:
D:1:      minmay_arrival_glassed_features, layout_basic, serial_shops,
          nicolae_shop_temple_entry_statues_fountains
D:2:      layout_loops_ring, minmay_misc_feat_rows,
          amcnicky_mini_rare_corridor_liquid
D:3:      layout_loops_ring, gammafunk_ghost_split, serial_shops,
          nicolae_shop_bloodbath_and_beyond, minmay_misc_feat_more_columns,
          corexii_leaking_fountain
D:4:      layout_basic, lemuel_zombie_altar_kikubaaqudgha,
          chequers_temple_overflow_statue_of_worship, nicolae_specific_store,
          uniq_natasha
D:5:      layout_gridville, grunt_temple_overflow_open
D:6:      layout_rooms, minmay_manual_mail, uniq_grinder
D:7:      layout_loops_ring, mainiacjoe_overflow_alcove_2,
          yredelemnul_forgotten_temple_becter, minmay_temple_entry_grid,
          enter_bailey_3, serial_shops, shop,
          hangedman_abyss_or_decor_lesser_grid, kennysheep_decorative_pillar,
          uniq_maggie, uniq_prince_ribbit1, uniq_joseph
D:8:      layout_rooms, uniq_maurice

Skill      XL: |  1  2  3  4  5  6  7  8  9 10 |
---------------+-------------------------------+-----
Stealth        | 3 4 5 7 8 9 |  9.0
Fighting       | 1 2 3 4 5 |  5.6
Conjurations   | 2 3 4 5 6 |  6.0
Dodging        | 3 4 6 |  6.3
Spellcasting   | 3 4 5 |  5.7
Fire Magic     | 4 5 6 |  6.6

Action                   |  1- 3 |  4- 6 |  7- 9 | 10-12 || total
-------------------------+-------+-------+-------+-------++-------
Melee: Unarmed           |     4 |       |       |       ||     4
       Constrict         |     7 |    10 |    27 |     1 ||    45
       Tentacles         |     7 |     8 |    42 |     1 ||    58
       Whip              |    10 |       |       |       ||    10
       Dagger            |    11 |    51 |    21 |       ||    83
       Mace              |       |       |    91 |     8 ||    99
       Punch             |       |       |     1 |       ||     1
 Cast: Foxfire           |    83 |    76 |   109 |    35 ||   303
       Scorch            |       |    13 |    55 |     5 ||    73
  Use: Scroll            |       |       |     5 |       ||     5
       Potion            |       |       |     1 |     1 ||     2
 Stab: Sleeping          |     4 |    10 |     4 |       ||    18
Armor: Skin              |     1 |     2 |    22 |     6 ||    31
Dodge: Dodged            |    14 |    39 |   117 |    28 ||   198
